 Dungeon Crawl Stone Soup version bcrawl-1.12-11-gb93c957c58 (console) character file.

Game seed: 2408311310527795701

60 Lexodia the Cudgeler (level 4, 0/45 HPs)
             Began as an Ogre Archaeologist on July 3, 2019.
             Slain by a goblin
             ... wielding a +0 club
              (3 damage)
             ... on level 3 of the Dungeon.
             The game lasted 00:04:19 (2373 turns).

Lexodia the Cudgeler (Ogre Archaeologist)           Turns: 2373, Time: 00:04:19

Health: 0/45       AC:  5    Str: 16    XL:     4   Next: 4%
Magic:  4/4        EV: 10    Int: 15    God:
Gold:   52         SH:  0    Dex:  7    Spells: 3/3 levels left

rFire    . . .     SeeInvis .   o - +0 whip
rCold    . . .     Gourm    .   (no shield)
rNeg     . . .     Faith    +   a - +1 robe
rPois    .         Spirit   .   b - +1 hat
rElec    .         Reflect  .   (no cloak)
rCorr    +         Harm     .   (gloves unavailable)
MR       .....                  (boots unavailable)
Stlth    ++........             q - amulet of faith
HPRegen  0.15/turn              r - ring of resist corrosion
MPRegen  0.09/turn              (no ring)

@: studying Maces & Flails
A: large, unfitting armour, tough skin 1
a: no special abilities


You were on level 3 of the Dungeon.
You were hungry.

You visited 1 branch of the dungeon, and saw 3 of its levels.

You collected 52 gold pieces.

Inventory:

Hand Weapons
 o - a +0 whip (weapon)
Missiles
 h - 678 stones (quivered)
Armour
 a - a +1 robe (worn)
 b - a +1 hat (worn)
Jewellery
 k - an uncursed ring of fire
 q - an amulet of faith (around neck)
 r - a ring of resist corrosion (left hand)
Potions
 c - 2 potions of lignification {unknown}
 d - 3 potions of might
 j - a potion of flight {unknown}
 l - a potion of haste {unknown}
 m - a potion of agility {unknown}
 n - a potion of berserk rage {unknown}
 p - 3 potions of curing
Books
 e - a manual of Maces & Flails
Miscellaneous
 f - an ancient crate
Comestibles
 g - 5 rations {!d}


   Skills:
 - Level 3.0 Fighting
 * Level 3.9 Maces & Flails
 - Level 3.0 Dodging
 - Level 2.4 Stealth


You had 3 spell levels left.
You didn't know any spells.
Your spell library was empty.

Dungeon Overview and Level Annotations

Branches:
Dungeon (3/12)

Altars:


Innate Abilities, Weirdness & Mutations

You are too large for most types of armour.
You have tough skin. (AC +1)


Message History

* * * LOW HITPOINT WARNING * * *
The kobold hits you but does no damage.
You closely miss the leopard gecko.
The leopard gecko is heavily wounded.
The leopard gecko bites you but does no damage.
The kobold hits you but does no damage.
You hit the leopard gecko.
You kill the leopard gecko!
The kobold hits you with a +0 short sword!
* * * LOW HITPOINT WARNING * * *
You hit the goblin but do no damage. The goblin hits you but does no damage.
The kobold hits you but does no damage.
Press: ? - help, v - describe, . - travel
Here: a goblin, wielding a +0 club The floor, spattered with blood.
Press: ? - help, v - describe, . - travel
Here: a kobold, wielding a +0 short sword The floor.
You closely miss the kobold. The goblin hits you with a +0 club.
You die...

.. .. .### ... ..
#.## # #..###
#####..# #<..#
#.@K..# #....#...
#....g......####.#
## #..####.####.
#.# #.. ... #.# ##
... #$# ...# #.#
.... #.# ..#.


You could see a goblin and a kobold.

Vanquished Creatures
  A gnoll (D:2)
  3 oozes (D:1)
  A dart slug (D:1)
  2 leopard geckos
  3 goblins
  7 hobgoblins
  2 jackals (D:2)
  2 quokkas (D:2)
  3 bats
  A frilled lizard (D:1)
  3 kobolds (D:1)
  3 rats
31 creatures vanquished.

Notes
Turn   | Place    | Note
-------+----------+-------------------------------------------
     0 | D:1      | Lexodia the Ogre Archaeologist began the quest for the Orb.
     0 | D:1      | Reached XP level 1. HP: 19/19 MP: 1/1
     2 | D:1      | Noticed a troll
     2 | D:1      | Noticed a draconian
     4 | D:1      | Noticed a ghoul
     4 | D:1      | Noticed a gargoyle
     6 | D:1      | Noticed an ogre
     8 | D:1      | Noticed an octopode
    10 | D:1      | Noticed a halfling
    10 | D:1      | Noticed a vine stalker
    12 | D:1      | Noticed a demigod
    12 | D:1      | Noticed a felid
    14 | D:1      | Noticed a spriggan
    14 | D:1      | Noticed a vampire
    16 | D:1      | Noticed a formicid
    18 | D:1      | Noticed a demonspawn
    18 | D:1      | Noticed an elf
    20 | D:1      | Noticed a dwarf
    22 | D:1      | Noticed a human
    22 | D:1      | Noticed a minotaur
    24 | D:1      | Noticed a tengu
    24 | D:1      | Noticed a centaur
    26 | D:1      | Noticed a naga
    26 | D:1      | Noticed a merfolk
   465 | D:1      | Reached skill level 1 in Maces & Flails
   465 | D:1      | Reached XP level 2. HP: 15/29 MP: 2/2
   927 | D:1      | Reached XP level 3. HP: 10/36 MP: 3/3
  2036 | D:2      | Reached XP level 4. HP: 39/45 MP: 4/4
  2373 | D:3      | Slain by a goblin

Skill      XL: |  1  2  3 |
---------------+----------+-----
Fighting       | 2 3 |  3.0
Maces & Flails | 1 3 |  3.9
Dodging        | 3 |  3.0
Stealth        | |  2.4

Action                   |  1- 3 |  4- 6 || total
-------------------------+-------+-------++-------
Melee: Unarmed           |    19 |       ||    19
       Club              |    61 |       ||    61
       Whip              |    63 |    29 ||    92
Throw: Stone             |       |    19 ||    19
  Use: Scroll            |     1 |     1 ||     2
       Potion            |     1 |       ||     1
 Stab: Sleeping          |     3 |       ||     3
  Eat: Chunk             |     4 |       ||     4
Armor: Robe              |    60 |    10 ||    70
Dodge: Dodged            |    65 |    10 ||    75
